Map: Reclamation LE

Players

Sedative

  • Race: Zerg Zerg
  • League: Diamond
  • Spawn Location: 6:00

Chupacabro

  • Race: Protoss Protoss
  • Spawn Location: 5:00

PiPuxD

  • Race: Zerg Zerg
  • League: Gold
  • Spawn Location: 11:00

MattBarry

  • Race: Zerg Zerg
  • League: Gold
  • Spawn Location: 12:00

VOD

Have the link to the VOD?

Description

Time

  • Played on: Jan. 27, 2023, 9:36 p.m.
  • Length: 9:25
Show
View Real Time Build Order
Export as new Build Order

Sedative Zerg 

Build Orders: Pool First 

Get SALT Encoding   

  12  0:00  Drone  
  13  0:13  Overlord  
  13  0:18  Drone  
  14  0:32  Drone x2  
  16  0:43  Spawning Pool  
  16  0:46  Drone  
  16  0:49  Drone  
  17  0:56  Extractor  
  16  1:00  Drone  
  17  1:07  Drone  
  18  1:23  Hatchery  
  17  1:31  Zergling x4  
  19  1:43  Zergling x2  
  20  1:51  Overlord  
  20  1:52  Queen  
  22  2:01  Metabolic Boost  
  22  2:10  Zergling x2  
  23  2:19  Zergling x2  
  24  2:27  Zergling x2  
  25  2:36  Zergling x4  
  27  2:48  Zergling x4  
  28  3:03  Zergling x6  
  28  3:08  Zergling x8  
  32  3:17  Queen  
  34  3:23  Zergling x4  
  36  3:31  Hatchery  
  34  3:41  Zergling x2  
  34  3:42  Zergling x4  
  32  3:48  Zergling x6  
  32  3:49  Zergling x2  
  32  3:56  Zergling x2  
  29  4:13  Roach Warren  
  29  4:14  Drone x4  
  32  4:30  Drone x3  
  35  4:36  Overlord  
  33  4:57  Drone x7  
  38  5:11  Roach x4  
  41  5:15  Extractor  
  40  5:22  Roach  
  40  5:23  Roach x2  
  40  5:28  Zergling x4  
  48  5:39  Zergling x2  
  48  5:40  Zergling x2  
  50  5:42  Overlord x2  
  50  6:04  Zergling x8  
  50  6:05  Zergling x8  
  56  6:12  Zergling x2  
  55  6:19  Roach x3  
  55  6:20  Roach  
  57  6:33  Zergling x4  
  57  6:37  Zergling x6  
  57  6:38  Queen  
  56  6:45  Zergling x4  
  56  6:46  Zergling x6  
  54  7:04  Roach x5  
  57  7:23  Roach x4  
  54  7:37  Drone x3  
  55  7:40  Drone x2  
  57  7:55  Lair  
  57  7:57  Evolution Chamber  
  57  7:58  Drone x2  
  57  8:02  Zergling x10  
  61  8:10  Roach  
  63  8:16  Roach  
  63  8:20  Overlord  
  59  8:32  Roach  
  59  8:33  Roach x2  
  65  8:35  Overlord x2  
  65  8:54  Overseer  
  63  8:56  Zergling x20  
  63  8:57  Zergling x12  
Show
View Real Time Build Order
Export as new Build Order

Chupacabro Protoss 

Build Orders:  

Get SALT Encoding   

  12  0:01  Probe  
  13  0:13  Probe  
  14  0:23  Pylon  
  14  0:45  Gateway  
  14  0:46  Probe (Chrono Boost)  
  15  0:50  Assimilator  
  16  0:57  Probe (Chrono Boost)  
  16  1:02  Probe (Chrono Boost)  
  17  1:07  Forge  
  17  1:12  Probe (Chrono Boost)  
  18  1:22  Probe (Chrono Boost)  
  18  1:25  Pylon  
  19  1:27  Probe (Chrono Boost)  
  19  1:31  Assimilator  
  20  1:41  Cybernetics Core  
  20  2:07  Probe (Chrono Boost)  
  21  2:10  Pylon  
  21  2:15  Warp Gate (Chrono Boost)  
  21  2:18  Probe (Chrono Boost)  
  22  2:23  Probe (Chrono Boost)  
  22  2:26  Gateway  
  22  2:28  Gateway  
  23  2:36  Robotics Facility  
  23  3:04  Sentry  
  25  3:13  Nexus  
  25  3:23  Pylon  
  25  3:28  Immortal  
  27  4:00  Zealot  
  26  4:20  Probe  
  26  4:22  Sentry x2  
  31  4:25  Stalker  
  33  4:32  Probe (Chrono Boost)  
  33  4:34  Probe (Chrono Boost)  
  35  4:43  Probe (Chrono Boost)  
  35  4:44  Probe (Chrono Boost)  
  37  4:48  Probe (Chrono Boost)  
  37  4:49  Stalker  
  37  4:51  Stalker  
  42  5:01  Stalker  
  42  5:05  Probe x2  
  46  5:17  Probe  
  47  5:45  Stalker x2  
  47  5:46  Stalker  
  45  6:06  Protoss Ground Weapons Level 1  
  45  6:10  Probe (Chrono Boost)  
  45  6:11  Probe (Chrono Boost)  
  45  6:20  Probe x2 (Chrono Boost)  
  45  6:22  Gateway  
  45  6:23  Gateway  
  45  6:25  Probe x2 (Chrono Boost)  
  43  6:28  Stalker x2  
  43  6:29  Stalker  
  51  6:37  Pylon  
  49  6:43  Immortal (Chrono Boost)  
  53  6:47  Photon Cannon  
  53  6:53  Photon Cannon  
  53  6:58  Assimilator  
  53  7:01  Stalker x3  
  57  7:02  Assimilator  
  57  7:25  Stalker  
  57  7:26  Stalker x3  
  65  7:52  Stalker x2  
  69  8:03  Pylon  
  69  8:05  Pylon  
  69  8:07  Pylon  
  69  8:09  Pylon  
  67  8:17  Robotics Bay  
  67  8:20  Pylon  
  67  8:21  Immortal  
  67  8:57  Stalker  
  67  8:58  Stalker x3  
  67  9:00  Stalker  
Show
View Real Time Build Order
Export as new Build Order

PiPuxD Zerg 

Build Orders: Hatch First 

Get SALT Encoding   

  12  0:00  Drone  
  13  0:13  Overlord  
  13  0:20  Drone  
  14  0:33  Drone x2  
  14  0:35  Drone  
  17  0:56  Hatchery  
  16  0:58  Drone  
  17  1:11  Spawning Pool  
  17  1:14  Drone  
  17  1:20  Drone  
  17  1:21  Drone  
  19  1:26  Extractor  
  19  1:29  Drone  
  19  1:39  Overlord  
  19  1:50  Drone  
  20  2:01  Queen  
  22  2:02  Zergling x2  
  22  2:08  Queen  
  23  2:12  Drone x2  
  27  2:20  Drone  
  28  2:36  Zergling x6  
  30  2:45  Queen  
  32  2:51  Queen  
  32  3:06  Zergling x4  
  32  3:07  Zergling x2  
  35  3:31  Overlord x2  
  35  3:40  Metabolic Boost  
  35  3:43  Queen  
  26  3:56  Zergling x8  
  29  4:02  Queen  
  29  4:07  Drone x4  
  29  4:08  Drone  
  35  4:18  Drone  
  35  4:19  Queen, Drone x2  
  40  4:29  Extractor  
  39  4:31  Drone x2  
  39  4:32  Drone x3  
  40  4:48  Zergling x8  
  31  5:05  Drone x5  
  34  5:33  Zergling x6  
  34  5:34  Zergling x6  
  40  5:38  Drone x2  
  40  5:39  Drone  
  43  5:47  Overlord x2  
  32  6:12  Zergling x2  
  32  6:13  Zergling x16  
  32  6:15  Queen  
  42  6:21  Lair  
  40  6:38  Drone  
  40  6:39  Drone x3  
  40  6:46  Zergling x4  
  37  6:47  Zergling x4  
  39  7:04  Zergling x6  
  42  7:09  Zergling x4  
  44  7:19  Zergling x4  
  44  7:27  Queen  
  44  7:31  Hydralisk Den  
  44  7:34  Roach Warren, Drone x3  
  44  7:35  Drone  
  46  7:50  Evolution Chamber, Drone x4  
  49  7:51  Evolution Chamber  
  49  7:54  Extractor  
  46  8:07  Zergling x4  
  46  8:08  Zergling x10  
  52  8:16  Hatchery  
  52  8:19  Zergling x2  
  50  8:20  Zergling x6  
  49  8:32  Hydralisk x3  
  49  8:43  Spine Crawler  
  47  8:55  Hydralisk x3  
Show
View Real Time Build Order
Export as new Build Order

MattBarry Zerg 

Build Orders: Hatch First 

Get SALT Encoding   

  12  0:00  Drone  
  13  0:12  Overlord  
  13  0:16  Drone  
  14  0:31  Drone x2  
  16  0:41  Drone  
  17  0:53  Hatchery  
  17  0:55  Drone  
  17  1:01  Extractor  
  16  1:12  Spawning Pool  
  16  1:14  Drone  
  17  1:18  Drone  
  17  1:26  Drone  
  17  1:29  Drone  
  19  1:40  Drone  
  20  1:49  Overlord  
  20  2:01  Metabolic Boost  
  20  2:02  Drone  
  20  2:08  Queen  
  23  2:10  Queen  
  23  2:14  Zergling x2  
  26  2:22  Drone x2  
  28  2:37  Drone x3  
  30  2:39  Zergling x2  
  32  2:45  Zergling x2  
  33  2:57  Evolution Chamber  
  33  2:58  Extractor  
  31  2:59  Zergling x4  
  33  3:22  Drone x3  
  33  3:24  Overlord x2  
  36  3:27  Zerg Melee Weapons Level 1, Roach Warren  
  35  3:34  Zergling x2  
  36  3:42  Queen x2  
  37  4:08  Drone  
  37  4:09  Drone x5  
  40  4:17  Roach, Queen x2  
  44  4:32  Evolution Chamber  
  44  4:35  Drone x4  
  44  4:37  Zergling x2  
  44  4:38  Roach  
  50  4:46  Zergling x4  
  52  4:53  Pneumatized Carapace  
  52  5:03  Overlord  
  52  5:04  Overlord  
  52  5:23  Roach x2, Overlord  
  52  5:24  Roach x2  
  52  5:25  Roach  
  55  5:42  Roach x2  
  59  5:47  Roach  
  59  5:48  Roach  
  59  5:58  Roach x2  
  59  6:23  Roach  
  59  6:24  Roach x3  
  61  6:31  Roach x3  
  61  6:32  Roach x2  
  65  6:36  Queen x2  
  67  6:41  Roach x3  
  67  6:49  Roach x2  
  67  6:57  Roach  
  64  7:04  Roach  
  64  7:05  Roach  
  63  7:11  Queen x2  
  60  7:19  Roach x3  
  60  7:20  Roach  
  65  7:27  Roach x2  
  67  7:50  Lair  
  67  7:53  Spore Crawler  
  67  7:55  Spore Crawler  
  67  7:56  Drone x4  
  63  8:00  Drone x4  
  63  8:01  Drone x2, Overlord  
  59  8:13  Roach x3  
  61  8:27  Roach x4  
  50  8:36  Zergling x4  
  50  8:37  Zergling x4  
  46  8:45  Roach x2  
  39  8:53  Zergling x2  
Tags
 
Add a new tag
Caveats
  • Supply blocks, unpowered buildings, or Contaminate may cause inaccurate times.
  • Supply counts are checked every 10 seconds.